AoeStats
← [RxS]_CloOud_

Arabia

509575363Analyzed
1v1 RM · 6d ago on Sep 27, 2026· 69m 5s· 2 players
Game mode
Random Map
Map size
Tiny (2 player)
Population
200
Speed
Normal
Resources
Standard
Victory
Conquest
Starting age
Dark Age
Ending age
Imperial Age
RankedLock teamsTeams togetherTeam positionsShared explorationLock speedFull tech treeHidden civsTurbo modeCheats
Victory
Defeat
🇦🇷 Romans · Argentina
1443
+15
🇲🇽 Italians · Mexico
1430
-15
[RxS]_CloOud_
6:52 Loom
9:04 Feudal Age
9:41 Double-Bit Axe
18:10 Scale Barding Armor
18:52 Wheelbarrow
20:20 Forging
22:07 Town Watch
27:27 Castle Age
26:10 Bloodlines
28:35 Bow Saw
29:40 Husbandry
29:49 Horse Collar
33:46 Fletching
34:41 Bodkin Arrow
35:59 Padded Archer Armor
36:01 Squires
37:51 Ballistics
37:22 Heated Shot
38:36 Leather Archer Armor
41:30 Thumb Ring
42:55 Hand Cart
47:27 Imperial Age
46:07 Gold Mining
48:12 Bracer
49:14 Chemistry
48:31 Elite Skirmisher
52:54 Two-Man Saw
51:56 Heavy Plow
52:51 Elite Genoese Crossbowman
53:29 Stone Mining
55:36 Crop Rotation
54:41 Light Cavalry
55:43 Chain Barding Armor
58:22 Plate Barding Armor
59:00 Hussar
62:17 Conscription
62:27 Capped Ram
Wololooo
6:47 Loom
9:11 Feudal Age
9:16 Man-at-Arms
10:58 Scale Mail Armor
14:26 Double-Bit Axe
18:53 Fletching
25:01 Castle Age
24:00 Horse Collar
24:32 Forging
25:27 Gold Mining
25:30 Crossbowman
26:35 Long Swordsman
29:19 Pikeman
30:29 Chain Mail Armor
36:34 Wheelbarrow
37:26 Bodkin Arrow
38:52 Ballistics
45:10 Heavy Plow
48:04 Imperial Age
49:23 Scale Barding Armor
49:29 Padded Archer Armor
49:51 Legionary
51:25 Iron Casting
51:31 Squires
53:27 Blast Furnace
52:28 Heavy Scorpion
54:51 Chemistry
55:20 Elite Centurion
58:48 Ballistas
59:42 Comitatenses
68:19 Light Cavalry
69:10 Bloodlines
Connection lost

Rejoining the realm…

Still unreachable

The connection could not be restored.

Session expired

The server has moved on; the page needs a fresh start.